 Dungeon Crawl Stone Soup version 0.31.0-12-g77e489cdc1 (webtiles) character file.

Game seed: 4264289470444047829

716166 gohu the Axe Maniac (level 27, -8/273 HPs)
             Began as a Minotaur Fighter on Feb 18, 2024.
             Was the Champion of the Shining One.
             Killed from afar by an orb of fire (26 damage)
             ... with a bolt of fire
             ... on level 5 of the Realm of Zot on Feb 23, 2024.
             The game lasted 04:17:40 (75512 turns).

gohu the Axe Maniac (Minotaur Fighter)             Turns: 75512, Time: 04:17:40

Health: -8/273     AC: 44    Str: 43    XL:     27
Magic:  17/31      EV: 12    Int:  0    God:    the Shining One [******]
Gold:   5722       SH: 38    Dex: 12    Spells: 25/26 levels left

rFire   + . .        U - +9 broad axe (holy)
rCold   . . .        R - +1 tower shield {rN+}
rNeg    + + +        S - +8 gold dragon scales
rPois   +            V - +2 hat
rElec   +            Z - +4 dragonskin cloak
rCorr   .            X - +2 pair of gloves {Stlth+}
SInv    .            m - +1 pair of boots "Hotuj" {rF+}
Will    +++..        e - amulet of Zozxiliq {Acrobat Regen+ Int+2} Stlth
                     K - +6 ring of strength
HPRegen 1.45/turn    h - ring "Zeox" {rElec rPois rN+ Str+8 Int-5}
MPRegen 0.22/turn

%: acrobat
@: divinely shielded, slowed, lost intelligence, glowing, studying Necromancy,
unable to read, very slow
A: horns 2, retaliatory headbutt, deformed body, dopey 1, low MP 1,
strong-willed 1, weak 2, cold vulnerability 1, heat vulnerability 1, subdued
magic 1
}: 5/15 runes: serpentine, barnacled, slimy, silver, abyssal
a: Renounce Religion, Divine Shield, Cleansing Flame, Summon Divine Warrior


You were on level 5 of the Realm of Zot.
You worshipped the Shining One.
The Shining One was exalted by your worship.
You visited 12 branches of the dungeon, and saw 56 of its levels.
You visited the Abyss 10 times.
You visited 1 bazaar.
You also visited: Trove, Bailey and Ice Cave.

You collected 9609 gold pieces.
You spent 3887 gold pieces at shops.

Inventory:

Hand Weapons
 a - the +9 whip "Huvagim" {heavy, ^Fragile Will++ Dex+3}
   (You found it in a treasure trove)

   Dex+3:     It affects your dexterity (+3).
   Will++:    It greatly increases your willpower.
   ^Fragile:  It will be destroyed if unequipped.
 U - a +9 broad axe of holy wrath (weapon)
Missiles
 t - 2 throwing nets
 u - 34 javelins
 B - 91 boomerangs (quivered)
 Q - 17 silver javelins
Armour
 b - a +1 cloak of preservation
 k - a scarf of resistance
 m - the +1 pair of boots "Hotuj" (worn) {rF+}
   (You bought it in a shop on level 2 of the Orcish Mines)

   rF+:       It protects you from fire.
 q - a +2 pair of gloves of infusion
 G - a +1 pair of boots of flying
 P - the +2 hat "Cawith" {-Tele Harm rC++ rN+}
   (You found it on level 3 of the Realm of Zot)

   rC++:      It greatly protects you from cold.
   rN+:       It protects you from negative energy.
   -Tele:     It prevents most forms of teleportation.
   Harm:      It increases damage dealt and taken.
 R - a +1 tower shield of positive energy (worn)
 S - +8 gold dragon scales (worn)
 V - a +2 hat (worn)
 X - a +2 pair of gloves of stealth (worn)
 Z - the +4 dragonskin cloak (worn)
   (You took it off Tiamat on level 1 of the Realm of Zot)

   Avatar's Aegis: It grants the wearer a chance to resist fire, cold, poison,
   electricity, acid, and negative energy.
Jewellery
 c - the amulet of the Four Winds {rN+ Will+++ Clar}
   (You found it on level 5 of the Pits of Slime)

   [amulet of nothing]

   rN+:       It protects you from negative energy.
   Will+++:   It greatly increases your willpower.
   Clar:      It protects you from confusion, rage, mesmerisation and fear.
 e - the amulet of Zozxiliq (around neck) {Acrobat Regen+ Int+2}
   (You bought it in a shop on level 14 of the Dungeon)

   [amulet of the acrobat]

   Acrobat:   It increases your evasion while moving and waiting.
   Int+2:     It affects your intelligence (+2).
   Regen+:    It increases your rate of health regeneration.
 h - the ring "Zeox" (right hand) {rElec rPois rN+ Str+8 Int-5}
   (You acquired it on level 3 of the Depths)

   [ring of positive energy]

   Str+8:     It affects your strength (+8).
   Int-5:     It affects your intelligence (-5).
   rElec:     It insulates you from electricity.
   rPois:     It protects you from poison rN+: It protects you from negative
   energy.
 l - the amulet of Mirth {Reflect rC+ SH+5}
   (You bought it in a shop in a bazaar)

   [amulet of reflection]

   Reflect:   It reflects blocked missile attacks.
   rC+:       It protects you from cold.
   SH+5:      It affects your SH (+5).
 C - the ring of the City {rC+++ rN+++ MP+9 Slay-2}
   (You found it on level 2 of the Lair of Beasts)

   [ring of magical power]

   Slay-2:    It affects your accuracy & damage with ranged weapons and melee
   (-2).
   rC+++:     It renders you almost immune to cold.
   rN+++:     It renders you almost immune to negative energy.
   MP+9:      It affects your magic capacity (+9).
 K - a +6 ring of strength (left hand)
 W - the ring of Lilacs {Fly rN+ Will+ Int+3}
   (You took it off an ironbound preserver on level 5 of the Vaults)

   [ring of positive energy]

   Int+3:     It affects your intelligence (+3).
   rN+:       It protects you from negative energy.
   Will+:     It increases your willpower.
   Fly:       It grants you flight.
Wands
 p - a wand of acid (23)
 s - a wand of digging (16)
 x - a wand of mindburst (42)
 A - a wand of roots (52)
 H - a wand of paralysis (73)
Scrolls
 f - 9 scrolls of fear
 j - 8 scrolls of blinking
 n - 6 scrolls of revelation
 o - 22 scrolls of teleportation
 y - 3 scrolls of brand weapon
 F - 8 scrolls of enchant weapon
 I - a scroll of butterflies
 L - a scroll of silence
 M - 5 scrolls of fog
 Y - 27 scrolls of identify
Potions
 d - 13 potions of might
 v - 8 potions of enlightenment
 w - 9 potions of mutation
 z - 3 potions of invisibility
 D - 11 potions of curing
 J - 5 potions of haste
 N - 10 potions of heal wounds
 O - 4 potions of attraction
 T - 3 potions of resistance
Miscellaneous
 g - a lightning rod (4/4)
 i - a phantom mirror
 E - a phial of floods


   Skills:
 O Level 27 Fighting
 O Level 27 Axes
 - Level 8.2(19.5) Maces & Flails
 + Level 19.4 Throwing
 O Level 27 Armour
 + Level 8.1 Dodging
 O Level 27 Shields
 - Level 4.6 Necromancy
 * Level 17.5 Invocations
 * Level 5.3 Evocations


You had 25 spell levels left.
You knew the following spells:

 Your Spells              Type           Power      Damage    Failure   Level
a - Necrotise             Necr           0%         1d4       30%         1

Your spell library contained the following spells:

 Spells                   Type           Power      Damage    Failure   Level
 Sublimation of Blood     Necr           0%         N/A       43%         2
 Fugue of the Fallen      Necr           0%         N/A       67%         3
 Vampiric Draining        Necr           0%         2d6       67%         3
 Cigotuvi's Dreadful Rot  Necr/Alch/Air  0%         N/A       87%         2
 Foxfire                  Conj/Fire      0%         2x1d4     92%         1
 Magic Dart               Conj           0%         1d3       92%         1
 Shock                    Conj/Air       0%         1d3       92%         1
 Slow                     Hex            0%         N/A       92%         1
 Sting                    Conj/Alch      0%         1d3       92%         1
 Summon Small Mammal      Summ           0%         N/A       92%         1
 Animate Dead             Necr           0%         N/A       97%         4
 Dispel Undead            Necr           0%         3d6       97%         4
 Blink                    Tloc           0%         N/A       98%         2
 Call Imp                 Summ           0%         N/A       98%         2
 Mercury Vapours          Alch/Air       0%         N/A       98%         2
 Static Discharge         Conj/Air       0%         3-3/arc   98%         2
 Confusing Touch          Hex            0%         N/A       100%        3
 Hailstorm                Conj/Ice       0%         3d5       100%        3
 Inner Flame              Hex/Fire       0%         N/A       100%        3
 Mephitic Cloud           Conj/Alch/Air  0%         N/A       100%        3
 Sigil of Binding         Hex            0%         N/A       100%        3
 Swiftness                Air            0%         N/A       100%        3
 Airstrike                Air            0%         2d(0-16)  100%        4
 Anguish                  Hex/Necr       0%         N/A       100%        4
 Cause Fear               Hex            0%         N/A       100%        4
 Flame Wave               Conj/Fire      0%         2d4       100%        4
 Fulminant Prism          Conj/Alch      0%         3d5       100%        4
 Ignite Poison            Fire/Alch      0%         N/A       100%        4
 Leda's Liquefaction      Alch/Erth      0%         N/A       100%        4
 Martyr's Knell           Necr/Summ      0%         N/A       100%        4
 Olgreb's Toxic Radiance  Alch           0%         N/A       100%        4
 Passage of Golubria      Tloc           0%         N/A       100%        4
 Petrify                  Alch/Erth      0%         N/A       100%        4
 Summon Blazeheart Golem  Fire/Summ      0%         N/A       100%        4
 Summon Lightning Spire   Summ/Air       0%         N/A       100%        4
 Vhi's Electric Charge    Tloc/Air       0%         N/A       100%        4
 Arcjolt                  Conj/Air       0%         1d10      100%        5
 Borgnjor's Vile Clutch   Necr/Erth      0%         N/A       100%        5
 Curse of Agony           Necr           0%         N/A       100%        5
 Freezing Cloud           Conj/Ice/Air   0%         6-21      100%        5
 Irradiate                Conj/Alch      0%         3d11      100%        5
 Lee's Rapid Deconstruct  Erth           0%         3d4*      100%        5
 Silence                  Hex/Air        0%         N/A       100%        5
 Summon Forest            Summ/Tloc      0%         N/A       100%        5
 Yara's Violent Unravell  Hex/Alch       0%         3d3       100%        5
 Bombard                  Conj/Erth      0%         9d1       100%        6
 Death Channel            Necr           0%         N/A       100%        6
 Plasma Beam              Fire/Air       0%         2x1d10    100%        6
 Starburst                Conj/Fire      0%         6d3       100%        6
 Enfeeble                 Hex            0%         N/A       100%        7
 Haunt                    Necr/Summ      0%         N/A       100%        7
 Ozocubu's Refrigeration  Ice            0%         4d7       100%        7
 Borgnjor's Revivificati  Necr           0%         N/A       100%        8
 Ignition                 Fire           0%         3d3       100%        8
 Lehudib's Crystal Spear  Conj/Erth      0%         10d2      100%        8
 Death's Door             Necr           0%         N/A       100%        9


Dungeon Overview and Level Annotations

Branches:
Dungeon (15/15)            Temple (1/1) D:4            Lair (5/5) D:10
 Shoals (4/4) Lair:2        Snake (4/4) Lair:3        Slime (5/5) Lair:5
    Orc (2/2) D:9             Elf (3/3) Orc:2        Vaults (5/5) D:13
  Crypt (3/3) Vaults:2       Tomb (0/3) Crypt:3      Depths (4/4) D:15
    Zot (5/5) Depths:4     Bailey (visited)           IceCv (visited)

Altars:
Ashenzari
Cheibriados
Dithmenos
Elyvilon
Fedhas
Gozag
Hepliaklqana
Kikubaaqudgha
Makhleb
Nemelex Xobeh
Okawaru
Qazlal
Ru
Sif Muna
Trog
Uskayaw
Vehumet
Wu Jian
Xom
Yredelemnul
Zin
The Shining One
Jiyva

Shops:
D:12 (   D:14 =   D:15 *   Orc:2 [([[(   Elf:1 ?   Shoals:2 (   Snake:1 ==:
Snake:2 *   Snake:4 (   Vaults:2 !   Depths:3 ([(

Portals:
Hell: Depths:1 Depths:2 Depths:3 Depths:4
Abyss: Depths:1 Depths:3
Pandemonium: Depths:2 Depths:4
Ziggurat: Depths:1

Annotations:
D:9 1 transporter
Shoals:3 Roxanne
Elf:2 3 runed translucent doors
Elf:3 3 runed translucent doors, Amac's ghost, journeyman DsFi
Vaults:1 1 runed translucent door, gohu's ghost, adept MiFi
Vaults:2 3 runed translucent doors
Zot:3 3 transporters


Innate Abilities, Weirdness & Mutations

You have a pair of horns on your head.
You reflexively headbutt those who attack you in melee.
Armour fits poorly on your strangely shaped body.
You are dopey. (Int -2)
Your magical capacity is low. (-10% MP)
You are strong-willed. (Will+)
You are very weak. (Str -4)
You are vulnerable to cold. (rC-)
You are vulnerable to heat. (rF-)
Your spells are a little easier to cast, but a little less powerful.


Message History

The sentinel's mark upon you fades away.
You hear a deafening roar!
An orb of fire comes into view.
The orb of fire glows bright magenta.
Strange energies course through your body.
Your body twists and deforms.
A yellow draconian comes into view. It is wielding a +0 scimitar.
The white draconian stormcaller prays to Qazlal.
You block the Orb Guardian's attack.
A Killer Klown comes into view.
It is wielding a +12 club of distortion.
The orb of fire glows bright magenta.
The bolt of fire hits you!! You resist.
* * * LOW HITPOINT WARNING * * *
The electric golem blinks!
The electric golem fails to trigger a net trap.
You block the Orb Guardian's attack.
A yellow draconian annihilator comes into view.
It is wielding a +0 rapier.
A purple draconian shifter comes into view.
It is wielding a +0 short sword.
The purple draconian breathes dispelling energy at you.
The bolt of dispelling energy hits you!!
* * * LOW HITPOINT WARNING * * *
You block the Orb Guardian's attack.
Activating: Cleansing Flame (0% risk of failure)
Press: ? - help, Dir - look around, f - activate The golden flame engulfs you but does no damage.
You resist.
The golden flame engulfs the Orb Guardian!!
The Orb Guardian is moderately wounded.
The golden flame engulfs the Orb Guardian!!
The Orb Guardian is moderately wounded.
The golden flame engulfs the purple draconian!!!
The purple draconian is heavily wounded.
The golden flame engulfs the Orb Guardian!
The Orb Guardian is lightly wounded.
The orb of fire emits a lurid red light.
The bolt of fire hits you!! You resist.
* * * LOW HITPOINT WARNING * * *
The orb of fire glows red.
The bolt of fire hits you!! You resist.
You die...

. ...
....^##▓▓▓▓▓▓▓▓
.....XX@§.....▓
......X≈d......
.............*.
...........?...
.........*.....
..............k
....**.9....dqq
......^......pq


You could see 4 orbs of fire, a Killer Klown, an electric golem, a yellow
draconian, a purple draconian (catching breath), a purple draconian shifter, a
white draconian stormcaller, 3 Orb Guardians, a yellow draconian annihilator and
a rime drake (summoned).

Vanquished Creatures
  the Royal Jelly (Slime:5)
  Dissolution (Slime:2)
  Tiamat (Zot:1)
  3 dread liches
  An ancient lich (Abyss:3)
  Boris (twice) (Crypt:2 Vaults:5)
  Parghit (Zot:1)
  Saint Roka (Depths:2)
  Margery (Crypt:1)
  4 curse toes
  Nikola (Vaults:1)
  16 golden dragons
  11 bone dragons
  A pearl dragon (Abyss:3)
  3 electric golems
  Jorgrun (Snake:1)
  3 Hell Sentinels (Abyss:3)
  12 liches
  16 tentacled monstrosities
  A walking crystal tome (Depths:2)
  16 titans
  11 deep elf master archers
  2 quicksilver dragons
  7 krakens
  Asterion (Elf:3)
  A searing wretch (Crypt:1)
  8 deep elf blademasters
  24 acid blobs
  Polyphemus (Shoals:2)
  6 death cobs
  27 tentacled starspawn
  5 ancient champions
  6 sphinxes
  4 tengu reavers (Vaults:5)
  15 shadow dragons
  Frances (D:13)
  7 storm dragons
  Kirke (D:14)
  6 revenants
  6 protean progenitors
  Donald (Shoals:3)
  3 daevas (Abyss:3)
  9 nagarajas
  5 draconian monks
  9 rockslimes
  Ilsuiw (Shoals:2)
  16 azure jellies
  28 fire giants
  4 deep elf sorcerers
  6 draconian knights
  An iron dragon (Vaults:5)
  5 balrugs
  26 vault wardens
  21 frost giants
  3 draconian shifters
  8 deep elf elementalists
  6 draconian scorchers
  2 cacodemons
  20 quicksilver oozes
  A ghost moth (Zot:4)
  3 draconian stormcallers
  3 curse skulls
  5 ghouls
  4 orc warlords
  4 reapers
  9 formless jellyfish
  7 ironbound thunderhulks
  A caustic shrike skeleton (Abyss:3)
  15 ironbound preservers
  11 draconian annihilators
  45 very ugly things
  10 green draconians
  22 stone giants
  A juggernaut skeleton (Abyss:3)
  7 vampire knights
  12 black draconians
  An ophan (Abyss:4)
  11 purple draconians
  9 white draconians
  6 spark wasps (Depths:2)
  6 deep elf demonologists
  10 deep elf death magi
  8 deep elf annihilators
  12 red draconians
  9 yellow draconians
  6 war gargoyles
  The ghost of phunky83 the Thaumaturge, a journeyman FeSu of Kikubaaqudgha (Orc:1)
  8 dire elephants
  10 ettins
  3 minotaurs (Shoals:4)
  10 eidola
  The ghost of krest9999 the Carver, a journeyman DsFi of Okawaru (Orc:1)
  4 merfolk javelineers
  2 blizzard demons (Abyss:3)
  A quicksilver dragon zombie (Crypt:1)
  3 crystal guardians
  9 fire dragons
  Snorg (Lair:5)
  5 jiangshi
  3 entropy weavers
  The ghost of Frank the Blocker, a journeyman DsFi of Hepliaklqana (Orc:1)
  6 merfolk impalers
  11 yaktaur captains
  4 deep elf high priests
  8 hydras
  A shambling mangrove (Abyss:3)
  8 great orbs of eyes
  2 ghost crabs (Abyss:3)
  A hell beast (Depths:1)
  Erolcha (D:12)
  8 rakshasas
  5 peacekeepers
  12 ironbound frosthearts
  2 radroaches (Zot:1)
  7 ice dragons
  7 spriggan air magi
  A catoblepas (Shoals:2)
  A spriggan skeleton (Abyss:3)
  51 vault guards
  6 centaur warriors
  4 salamander tyrants (Snake:4)
  2 ogre magi (Vaults:5)
  3 death knights
  9 anacondas
  11 dancing weapons
  11 boulder beetles
  3 sphinx skeletons
  5 orc high priests
  4 tengu warriors
  3 two-headed ogres
  9 vampire magi
  15 satyrs
  5 deep troll shamans
  An Orb Guardian skeleton (Crypt:3)
  5 death yaks
  39 thrashing horrors
  2 occultists (Depths:3)
  8 hell hogs
  4 deep troll earth magi
  7 spriggan berserkers
  25 deep elf knights
  5 shock serpents
  22 naga warriors
  16 naga sharpshooters
  16 hell knights
  A titan skeleton (Crypt:1)
  A shock serpent (shapeshifter) (Depths:1)
  2 spriggans (Depths:4)
  16 sun demons
  6 soul eaters
  6 salamander mystics
  10 skysharks
  2 fire crabs (Abyss:3)
  8 sixfirhies
  3 iron trolls
  18 shadow wraiths
  21 sea snakes
  23 wretched stars
  2 goliath frogs (Lair:5)
  3 spatial maelstroms
  An iron giant zombie (Crypt:2)
  A storm dragon skeleton (Crypt:2)
  34 skeletal warriors
  30 deep trolls
  13 deep elf archers
  An anaconda zombie (Crypt:3)
  A mana viper (shapeshifter) (Vaults:5)
  6 mana vipers
  7 glowing orange brains
  A ghost moth zombie (Zot:4)
  4 death drakes
  5 naga ritualists
  9 flayed ghosts
  3 bog bodies
  A spark wasp zombie (D:15)
  An orb spider (Abyss:4)
  A shadow dragon zombie (Crypt:1)
  An obsidian statue (IceCv)
  2 shadow demons (Abyss:3)
  5 arcanists
  15 ironbound convokers
  A tengu zombie (Vaults:5)
  17 orc knights
  10 necromancers
  A steelbarb worm (shapeshifter) (Vaults:5)
  19 deep elf pyromancers
  16 harpies
  A shining eye (shapeshifter) (Vaults:4)
  7 lindwurms
  26 phantasmal warriors
  4 shining eyes
  A faun (shapeshifter) (Vaults:5)
  31 deep elf zephyrmancers
  A stone giant zombie (Vaults:5)
  2 cyclopes (D:13)
  A fire giant zombie (Crypt:1)
  6 oklob plants (Lair:5)
  An iron dragon zombie (Crypt:1)
  67 large abominations
  24 moths of wrath
  34 ugly things
  15 fauns
  24 manticores
  4 orc sorcerers
  16 salamanders
  27 black mambas
  A spectral centaur (Crypt:3)
  9 apocalypse crabs
  16 elephants
  A dire elephant zombie (Crypt:3)
  A centaur zombie (Abyss:3)
  19 naga magi
  A black mamba (shapeshifter) (Abyss:3)
  10 merfolk sirens
  6 worldbinders
  5 kobold blastminers (Orc:2)
  13 guardian serpents
  A spectral alligator snapping turtle (Crypt:3)
  A guardian serpent (shapeshifter) (Elf:1)
  16 smoke demons
  25 vault sentinels
  8 water nymphs
  A draconian skeleton (Zot:4)
  5 orange demons
  A rust devil (Abyss:1)
  2 gargoyles
  5 eyes of devastation
  A naga skeleton (Abyss:2)
  8 unseen horrors
  3 hellions
  A cane toad (shapeshifter) (Elf:2)
  14 cane toads
  A dire elephant skeleton (Abyss:3)
  A green draconian zombie (Crypt:1)
  An orb spider zombie (Crypt:2)
  8 rime drakes
  2 komodo dragons (Lair:1)
  2 unseen horrors (shapeshifter)
  A kobold demonologist (Abyss:3)
  A death yak zombie (Crypt:3)
  3 efreet (Abyss:3)
  5 guardian mummies (Crypt:3)
  A steelbarb worm zombie (Crypt:3)
  A spark wasp simulacrum (Depths:1)
  3 tormentors
  59 yaktaurs
  5 anaconda simulacra
  21 ancient zymes
  3 ice devils
  23 freezing wraiths
  2 harpy zombies
  A queen bee (D:9)
  3 golden dragon simulacra
  3 tengu conjurers
  13 hellwings
  30 merfolk
  4 trolls
  2 tyrant leeches
  5 wind drakes
  2 polar bears
  An ettin zombie (Crypt:1)
  Grinder (D:5)
  2 alligator simulacra (IceCv)
  54 raiju
  A raiju (shapeshifter) (D:14)
  3 glass eyes
  5 hornets
  28 blink frogs
  11 snapping turtles
  12 dream sheep (Lair:4)
  A guardian serpent skeleton (Crypt:3)
  A human simulacrum (Vaults:5)
  7 air elementals
  17 shadows
  2 vampires
  18 water elementals
  48 slime creatures
  54 yaks
  A fire dragon skeleton (Crypt:1)
  A culicivora (Vaults:3)
  8 wyverns
  14 ynoxinuls
  3 fire bats (Abyss:3)
  100 starcursed masses
  A yak (shapeshifter) (D:14)
  4 dire elephant simulacra (IceCv)
  A basilisk (D:14)
  3 fire elementals
  4 hogs (D:14)
  11 wraiths
  A hog (shapeshifter) (Abyss:4)
  A human (shapeshifter) (Abyss:3)
  16 neqoxecs
  5 redbacks
  10 golden eyes (Abyss:3)
  4 humans
  2 death yak simulacra (D:12)
  A steam dragon (Lair:2)
  10 chaos spawn
  4 spatial vortices
  11 vampire mosquitoes
  A demonspawn zombie (Crypt:2)
  6 harpy simulacra (IceCv)
  4 swamp worms (Lair:2)
  A minotaur simulacrum (IceCv)
  A water nymph zombie (Crypt:2)
  2 acid dragons
  3 hydra simulacra (IceCv)
  49 nagas
  9 hell hounds
  A merfolk skeleton (Crypt:1)
  18 water moccasins
  5 ice beasts
  40 orc warriors
  A lindwurm zombie (Crypt:2)
  2 sky beasts
  71 laughing skulls
  2 black bears
  7 ogres
  An ogre (shapeshifter) (Elf:2)
  30 small abominations
  8 boggarts (Vaults:1)
  20 wolves
  11 centaurs
  A lindwurm skeleton (Crypt:1)
  A human skeleton (Vaults:5)
  A kobold brigand (D:9)
  23 weeping skulls
  6 brain worms
  3 necrophages
  3 earth elementals (Elf:2)
  18 bullfrogs
  4 gnoll sergeants
  6 scorpions
  12 wights
  A deep troll simulacrum (IceCv)
  A hornet simulacrum (D:8)
  An elephant simulacrum (D:12)
  A lindwurm simulacrum (IceCv)
  24 killer bees (D:9)
  5 howler monkeys
  17 electric eels
  3 quasits
  16 orc priests
  Crazy Yiuf (D:6)
  2 gnoll boudas
  A jelly (D:5)
  A centaur skeleton (Crypt:3)
  An iron imp (Abyss:3)
  A scorpion zombie (Crypt:1)
  Ijyb (D:3)
  23 orc wizards
  A troll simulacrum (D:12)
  A polar bear simulacrum (D:12)
  4 spriggan simulacra
  A centaur simulacrum (D:8)
  7 mummies (Crypt:3)
  A killer bee simulacrum (D:8)
  26 gnolls
  An adder (D:5)
  A steam dragon zombie (Crypt:1)
  A naga simulacrum (D:12)
  4 shadow imps
  5 white imps
  A howler monkey simulacrum (D:8)
  8 ufetubi
  An iguana zombie (Crypt:3)
  A lava snake zombie (Crypt:2)
  6 dart slugs
  2 ribbon worms
  100 orcs
  5 endoplasms
  3 giant cockroaches
  12 goblins
  8 hobgoblins
  21 kobolds
  5 quokkas
  7 ball pythons
  4 bats
  8 frilled lizards
  A gnoll skeleton (Crypt:2)
  A quokka skeleton (Crypt:3)
  3 rats
  2 aspiring fleshes (Zot:2)
  5 lurking horrors
  32 starspawn tentacles
  14 tentacles
3342 creatures vanquished.

Vanquished Creatures (collateral kills)
  An acid blob (Slime:5)
  A deep elf archer (Slime:5)
2 creatures vanquished.

Vanquished Creatures (others)
  A deep elf master archer (Slime:5)
  A draconian scorcher (Zot:2)
  A fire giant (Abyss:5)
  A vault warden (Vaults:1)
  A vampire knight (Depths:4)
  A deep elf annihilator (Elf:3)
  A boulder beetle (Abyss:4)
  A naga sharpshooter (Snake:4)
  2 deep elf knights
  A bog body (IceCv)
  A deep elf zephyrmancer (Elf:1)
  A large abomination (Abyss:3)
  A frost giant skeleton (Depths:1)
  A smoke demon (Abyss:4)
  A yaktaur (Vaults:1)
  An ancient zyme (Abyss:3)
  A naga (Snake:4)
  A laughing skull (Abyss:5)
  An orc wizard (Orc:2)
  4 lurking horrors (Abyss:3)
  37 starspawn tentacles
  35 tentacles
96 creatures vanquished.

Grand Total: 3440 creatures vanquished

Notes
Turn   | Place    | Note
-------+----------+-------------------------------------------
     0 | D:1      | gohu the Minotaur Fighter began the quest for the Orb.
     0 | D:1      | Reached XP level 1. HP: 19/19 MP: 0/0
    32 | D:1      | Found a faded altar of an unknown god.
   220 | D:1      | Reached XP level 2. HP: 27/27 MP: 1/1
   921 | D:1      | Reached XP level 3. HP: 31/33 MP: 2/2
  1156 | D:2      | You fall into a shaft and drop 1 floor!
  1711 | D:3      | Noticed Ijyb
  1809 | D:4      | Reached XP level 4. HP: 40/40 MP: 3/3
  1907 | D:4      | Found a shadowy altar of Dithmenos.
  1910 | D:4      | Found a shimmering blue altar of Sif Muna.
  1913 | D:4      | Found a sacrificial altar of Ru.
  1926 | D:4      | Noticed a scorpion
  1931 | D:4      | Killed a scorpion
  1934 | D:4      | Noticed an ogre
  1958 | D:4      | Killed an ogre
  1959 | D:4      | Reached skill level 5 in Axes
  1959 | D:4      | Reached XP level 5. HP: 47/47 MP: 4/4
  2085 | D:4      | Found a staircase to the Ecumenical Temple.
  2097 | Temple   | Entered the Ecumenical Temple
  2296 | D:4      | Reached XP level 6. HP: 48/53 MP: 5/5
  2448 | D:4      | Reached skill level 5 in Armour
  2816 | D:5      | Entered Level 5 of the Dungeon
  2830 | D:5      | Found an ornate altar of the Wu Jian Council.
  2896 | D:5      | Found a radiant altar of Vehumet.
  2932 | D:5      | Found a shimmering altar of Xom.
  2932 | D:5      | Found an iron altar of Okawaru.
  2933 | D:5      | Found a basalt altar of Yredelemnul.
  2943 | D:5      | Became a worshipper of Warmaster Okawaru
  2969 | D:5      | Reached skill level 1 in Throwing
  2969 | D:5      | Reached XP level 7. HP: 60/60 MP: 6/6
  3028 | D:5      | Reached skill level 5 in Fighting
  3103 | D:5      | Identified the +4 plate armour of Tempters {Str+2 SInv}
  3183 | D:5      | Identified the +7 mace of Blood {drain, Str+4}
  3461 | D:5      | Noticed Grinder
  3800 | D:3      | Killed Ijyb
  3956 | D:5      | Paralysed by Grinder for 4 turns
  3964 | D:5      | Killed Grinder
  3964 | D:5      | Reached * piety under Okawaru
  4129 | D:6      | Reached XP level 8. HP: 53/68 MP: 7/7
  4759 | D:6      | Found a runed translucent door.
  4760 | D:6      | Noticed Crazy Yiuf
  4767 | D:6      | Killed Crazy Yiuf
  5088 | D:6      | Reached skill level 10 in Axes
  5112 | D:6      | Found a glowing silver altar of Zin.
  5288 | D:7      | Reached ** piety under Okawaru
  5304 | D:7      | Found a flagged portal.
  5312 | Bailey   | Entered a bailey
  5443 | Bailey   | Identified the amulet "Uthriukh" {Spirit rElec Dex+3}
  5848 | D:7      | Found a broken altar of Ashenzari.
  5868 | D:7      | Reached XP level 9. HP: 75/75 MP: 8/8
  5890 | D:7      | Reached skill level 5 in Shields
  5902 | D:7      | Noticed a gargoyle
  5910 | D:7      | Killed a gargoyle
  6068 | D:7      | Reached skill level 1 in Invocations
  6423 | D:8      | Noticed a polar bear
  6434 | D:8      | Killed a polar bear
  6501 | D:8      | Reached *** piety under Okawaru
  6696 | D:8      | Reached XP level 10. HP: 77/88 MP: 10/10
  6852 | D:8      | Reached skill level 10 in Armour
  6928 | D:8      | Reached **** piety under Okawaru
  7144 | D:8      | Found an opulent altar of Gozag.
  7329 | D:9      | Reached skill level 1 in Maces & Flails
  7966 | D:9      | Found a staircase to the Orcish Mines.
  8105 | D:9      | Found a sparkling altar of Nemelex Xobeh.
  8105 | D:9      | Found a transporter.
  8105 | D:9      | Noticed a catoblepas
  8106 | D:9      | Noticed a boulder beetle
  8196 | D:9      | Reached skill level 5 in Maces & Flails
  8518 | D:10     | Entered Level 10 of the Dungeon
  8662 | D:10     | Reached ***** piety under Okawaru
  8913 | D:10     | Found an ancient bone altar of Kikubaaqudgha.
  8965 | D:10     | Reached XP level 11. HP: 97/97 MP: 11/11
  8983 | D:10     | Noticed a two-headed ogre
  8991 | D:10     | Killed a two-headed ogre
  9028 | D:10     | Found a staircase to the Lair.
  9037 | Lair:1   | Entered Level 1 of the Lair of Beasts
  9798 | Lair:1   | You are sucked into a shaft and drop 1 floor!
  9833 | Lair:1   | Received a gift from Okawaru
 10363 | Lair:2   | Found a staircase to the Shoals.
 10378 | Lair:2   | Reached skill level 10 in Fighting
 10606 | Lair:2   | Found a transporter.
 10625 | Lair:2   | Found a transporter.
 10640 | Lair:2   | Received a gift from Okawaru
 10946 | Lair:2   | Reached XP level 12. HP: 103/108 MP: 10/12
 11171 | Lair:2   | Found a broken altar of Ashenzari.
 11690 | Lair:3   | Reached ****** piety under Okawaru
 11698 | Lair:3   | Received a gift from Okawaru
 11719 | Lair:3   | Reached skill level 10 in Shields
 11720 | Lair:3   | Acquired a +6 broad axe of venom
 11720 | Lair:3   | Received a gift from Okawaru
 11721 | Lair:3   | Acquired a +2 hat
 11721 | Lair:3   | Received a gift from Okawaru
 11765 | Lair:3   | Found a staircase to the Snake Pit.
 12775 | Lair:4   | Noticed a five-headed hydra
 12784 | Lair:4   | Killed a two-headed hydra
 12784 | Lair:4   | Received a gift from Okawaru
 12886 | Lair:4   | Noticed an eight-headed hydra
 12892 | Lair:4   | Killed a five-headed hydra
 13016 | Lair:4   | Reached skill level 15 in Axes
 13016 | Lair:4   | Reached XP level 13. HP: 118/118 MP: 15/15
 13292 | Lair:5   | Entered Level 5 of the Lair of Beasts
 13329 | Lair:5   | Received a gift from Okawaru
 13822 | Lair:5   | Received a gift from Okawaru
 13823 | Lair:5   | Reached skill level 5 in Invocations
 13938 | Lair:5   | Identified the amulet "Ockuec" {RegenMP rElec rPois SInv
                  | Stlth-}
 14097 | Lair:5   | Noticed Snorg
 14102 | Lair:5   | Received a gift from Okawaru
 14109 | Lair:5   | Reached XP level 14. HP: 84/129 MP: 9/17
 14110 | Lair:5   | Killed Snorg
 14349 | Lair:5   | Found a viscous altar of Jiyva.
 14349 | Lair:5   | Found a staircase to the Slime Pits.
 14898 | Lair:2   | Identified the ring of the City {rC+++ rN+++ MP+9 Slay-2}
 15172 | D:11     | Found a flickering gateway to a bazaar.
 15178 | Bazaar   | Entered a bazaar
 15206 | Bazaar   | Found Tiecvokh's Assorted Antiques.
 15278 | Bazaar   | Found Mize's Jewellery Boutique.
 15331 | Bazaar   | Bought the amulet of Mirth {Reflect rC+ SH+5} for 440 gold
                  | pieces
 15399 | Bazaar   | Bought 3 scrolls of identify for 96 gold pieces
 15399 | Bazaar   | Bought a potion of mutation for 128 gold pieces
 15399 | Bazaar   | Bought a scroll of identify for 32 gold pieces
 15399 | Bazaar   | Bought a scroll of identify for 32 gold pieces
 15399 | Bazaar   | Bought a scroll of identify for 32 gold pieces
 15436 | Bazaar   | Bought an amulet of regeneration for 300 gold pieces
 16554 | D:12     | Noticed Erolcha
 16557 | Abyss:1  | Cast into level 1 of the Abyss (Erolcha)
 16573 | Abyss:1  | Found a corrupted altar of Lugonu.
 16585 | Abyss:1  | Found a corrupted altar of Lugonu.
 16779 | Abyss:1  | Received a gift from Okawaru
 16791 | Abyss:1  | Noticed a lich
 16794 | Abyss:1  | Noticed a balrug
 16795 | Abyss:1  | Killed a lich
 16854 | Abyss:1  | Noticed a tentacled starspawn
 17005 | Abyss:1  | Found a corrupted altar of Lugonu.
 17155 | Abyss:1  | Noticed a tentacled starspawn
 17172 | Abyss:1  | Received a gift from Okawaru
 17178 | D:12     | Escaped the Abyss
 17183 | D:12     | Killed Erolcha
 17930 | D:12     | Found Iczodghix's Antique Weapon Emporium.
 18302 | D:13     | Found a gate to the Vaults.
 18327 | D:13     | Received a gift from Okawaru
 18355 | D:13     | Noticed Frances
 18364 | D:13     | Killed Frances
 18365 | D:13     | Reached XP level 15. HP: 100/139 MP: 19/19
 19385 | D:14     | Noticed Kirke
 19404 | D:14     | Noticed a sphinx
 19406 | D:14     | Killed Kirke
 19737 | D:14     | Found Qoky's Jewellery Boutique.
 20071 | D:15     | Entered Level 15 of the Dungeon
 20087 | D:15     | Reached skill level 15 in Fighting
 20114 | D:15     | Found a staircase to the Depths.
 20134 | D:15     | Received a gift from Okawaru
 20274 | D:15     | Found a blossoming altar of Fedhas.
 20542 | D:15     | Found Piqop's Assorted Antiques.
 21084 | D:14     | Bought the amulet of Zozxiliq {Acrobat Regen+ Int+2} for
                  | 741 gold pieces
 21250 | Orc:1    | Entered Level 1 of the Orcish Mines
 21298 | Orc:1    | Found a runed translucent gate.
 21298 | Orc:1    | Found a runed translucent gate.
 21298 | Orc:1    | Found a runed translucent gate.
 21303 | Orc:1    | Noticed phunky83's ghost (journeyman FeSu)
 21303 | Orc:1    | Noticed Frank's ghost (journeyman DsFi)
 21303 | Orc:1    | Noticed krest9999's ghost (journeyman DsFi)
 21402 | Orc:1    | Killed phunky83's ghost
 21402 | Orc:1    | Received a gift from Okawaru
 21405 | Orc:1    | Killed krest9999's ghost
 21407 | Orc:1    | Killed Frank's ghost
 21472 | Orc:2    | Entered Level 2 of the Orcish Mines
 21791 | Orc:2    | Found a staircase to the Elven Halls.
 21907 | Orc:2    | Found Gaogash's Antique Weapon Boutique.
 22000 | Orc:2    | Found Zack's Antique Armour Shop.
 22206 | Orc:2    | Received a gift from Okawaru
 22218 | Orc:2    | Found Isucu's Antique Weapon Shop.
 22220 | Orc:2    | Found Ejiloack's Antique Armour Boutique.
 22386 | Orc:2    | Found Bisaodos's Antique Armour Shop.
 22464 | Orc:2    | Bought a pair of embroidered gloves for 217 gold pieces
 22511 | Orc:2    | Bought a pair of slimy boots for 247 gold pieces
 22511 | Orc:2    | Identified the +1 pair of boots "Hotuj" {rF+} (You bought
                  | it in a shop on level 2 of the Orcish Mines)
 22684 | Snake:1  | Entered Level 1 of the Snake Pit
 23354 | Snake:1  | Reached XP level 16. HP: 76/151 MP: 21/21
 23796 | Snake:1  | Noticed Jorgrun
 23803 | Snake:1  | Killed Jorgrun
 24363 | Snake:1  | Found Zolim's Jewellery Boutique.
 24365 | Snake:1  | Found Keicwaqa's Book Shoppe.
 24367 | Snake:1  | Found Seghekass's Jewellery Boutique.
 24529 | Snake:2  | Reached skill level 15 in Armour
 24729 | Snake:2  | Found Zadamm's General Store.
 24737 | Snake:2  | Received a gift from Okawaru
 25395 | Snake:2  | Identified the +8 shortbow of Xiloust {drain, rC+ Str+2
                  | Stlth-}
 25479 | Snake:2  | Received a gift from Okawaru
 26282 | Snake:3  | Received a gift from Okawaru
 27195 | Snake:4  | Entered Level 4 of the Snake Pit
 27276 | Snake:4  | Found Halyvustay's Weapon Boutique.
 27618 | Snake:4  | Received a gift from Okawaru
 27707 | Snake:4  | Reached XP level 17. HP: 163/163 MP: 22/22
 28157 | Snake:4  | Received a gift from Okawaru
 28198 | Snake:4  | Reached skill level 5 in Throwing
 28742 | Snake:4  | Received a gift from Okawaru
 29027 | Snake:4  | Got a serpentine rune of Zot
 29383 | Shoals:1 | Entered Level 1 of the Shoals
 30143 | Shoals:2 | Noticed a kraken
 30143 | Shoals:2 | Noticed a kraken
 30143 | Shoals:2 | Noticed a kraken
 30143 | Shoals:2 | Noticed a kraken
 30176 | Shoals:2 | Found Moaskug's Weapon Shoppe.
 30183 | Shoals:2 | Received a gift from Okawaru
 30385 | Shoals:2 | Noticed Polyphemus
 30401 | Shoals:2 | Killed Polyphemus
 30445 | Shoals:2 | Got A Primer on the Hermetic Arts
 30479 | Shoals:2 | Killed a kraken
 30497 | Shoals:2 | Killed a kraken
 30554 | Shoals:2 | Noticed Ilsuiw
 30579 | Shoals:2 | Killed Ilsuiw
 30579 | Shoals:2 | Received a gift from Okawaru
 30580 | Shoals:2 | Reached XP level 18. HP: 66/178 MP: 17/23
 30815 | Shoals:2 | Identified the +3 ring mail of Petacw {rF+ Regen+ Str+4
                  | Int+5}
 31412 | Shoals:3 | Received a gift from Okawaru
 31497 | Shoals:3 | Noticed Roxanne
 31531 | Shoals:3 | Noticed Donald
 31547 | Shoals:3 | Killed Donald
 32123 | Shoals:4 | Entered Level 4 of the Shoals
 32612 | Shoals:4 | Reached skill level 15 in Shields
 32987 | Shoals:4 | Got a barnacled rune of Zot
 33207 | Shoals:4 | Received a gift from Okawaru
 33824 | Vaults:1 | Entered Level 1 of the Vaults
 34543 | Vaults:1 | Found a runed translucent door.
 34593 | Vaults:1 | Noticed gohu's ghost (adept MiFi)
 34722 | Vaults:1 | Reached XP level 19. HP: 149/189 MP: 24/24
 34810 | Vaults:1 | Noticed Nikola
 34847 | Vaults:1 | Killed Nikola
 35087 | Vaults:1 | Received a gift from Okawaru
 35411 | Vaults:2 | Found a runed translucent gate.
 35411 | Vaults:2 | Found a runed translucent gate.
 35411 | Vaults:2 | Found a runed translucent gate.
 35809 | Vaults:2 | Received a gift from Okawaru
 36024 | Vaults:2 | Found Miehigex's Distillery.
 36029 | Vaults:2 | Bought a potion of might for 76 gold pieces
 36029 | Vaults:2 | Bought a potion of haste for 190 gold pieces
 36029 | Vaults:2 | Bought a potion of curing for 57 gold pieces
 36348 | Vaults:2 | Found a staircase to the Crypt.
 36348 | Vaults:2 | Found an ancient bone altar of Kikubaaqudgha.
 36348 | Vaults:2 | Found a basalt altar of Yredelemnul.
 36957 | Vaults:2 | Received a gift from Okawaru
 37802 | Vaults:3 | Paralysed by a formless jellyfish for 1 turns
 37805 | Vaults:3 | Reached XP level 20. HP: 144/202 MP: 25/25
 37945 | Vaults:3 | Received a gift from Okawaru
 39122 | Vaults:4 | Received a gift from Okawaru
 39503 | Vaults:4 | Paralysed by a formless jellyfish for 1 turns
 40697 | Snake:1  | Bought the ring "Mosseig" {rElec rPois rC- EV+5 Slay+4} for
                  | 832 gold pieces
 40932 | Depths:1 | Entered Level 1 of the Depths
 40965 | Depths:1 | Reached skill level 1 in Dodging
 40971 | Depths:1 | Found a one-way gateway to a ziggurat.
 41052 | Depths:1 | Found a one-way gate to the infinite horrors of the Abyss.
 41258 | Depths:1 | Found a burning altar of Makhleb.
 41385 | Depths:1 | Received a gift from Okawaru
 41578 | Depths:1 | Found a gateway to Hell.
 41592 | Depths:1 | Reached XP level 21. HP: 213/213 MP: 26/26
 41868 | Depths:2 | Found a one-way gate leading to the halls of Pandemonium.
 42056 | Depths:2 | Paralysed by a sphinx for 3 turns
 42368 | Depths:2 | Received a gift from Okawaru
 42448 | Depths:2 | Noticed Saint Roka
 42471 | Depths:2 | Killed Saint Roka
 42807 | Depths:2 | Reached skill level 5 in Dodging
 43221 | Depths:3 | Received a gift from Okawaru
 43248 | Depths:3 | Found Gozag's Antique Weapon Shoppe.
 43252 | Depths:3 | Found an opulent altar of Gozag.
 43253 | Depths:3 | Noticed a golden dragon
 43255 | Depths:3 | Found Gozag's Antique Armour Shoppe.
 43342 | Depths:3 | Found Gozag's Antique Weapon Emporium.
 43352 | Depths:3 | Killed a golden dragon
 43755 | Depths:3 | Identified a scroll of acquirement
 43766 | Depths:3 | Acquired the ring "Zeox" {rElec rPois rN+ Str+8 Int-5}
 43810 | Abyss:2  | Cast into level 2 of the Abyss (an occultist)
 43857 | Abyss:2  | Gained mutation: You are weak. (Str -2) [a neqoxec]
 43863 | Abyss:2  | Found a corrupted altar of Lugonu.
 43994 | Abyss:2  | Received a gift from Okawaru
 44086 | Depths:3 | Escaped the Abyss
 44682 | Depths:4 | Entered Level 4 of the Depths
 44910 | Depths:4 | Reached XP level 22. HP: 113/224 MP: 27/27
 44911 | Depths:4 | Received a gift from Okawaru
 45514 | Depths:4 | Noticed a golden dragon
 45532 | Depths:4 | Killed a golden dragon
 45555 | Depths:4 | Noticed a golden dragon
 45594 | Depths:4 | Noticed a golden dragon
 45602 | Depths:4 | Killed a golden dragon
 45721 | Depths:4 | Found a gate to the Realm of Zot.
 45739 | Depths:4 | Killed a golden dragon
 46085 | Elf:1    | Entered Level 1 of the Elven Halls
 46223 | Elf:1    | Received a gift from Okawaru
 46640 | Elf:1    | Paralysed by an air elemental for 1 turns
 46870 | Elf:1    | Found Wot Fuosti's Magic Scroll Shop.
 46873 | Elf:1    | Bought 3 scrolls of blinking for 292 gold pieces
 46873 | Elf:1    | Bought a scroll of teleportation for 39 gold pieces
 46873 | Elf:1    | Bought a scroll of teleportation for 39 gold pieces
 46873 | Elf:1    | Bought a scroll of enchant armour for 97 gold pieces
 46916 | Elf:1    | Paralysed by an air elemental for 1 turns
 47368 | Elf:2    | Paralysed by an air elemental for 1 turns
 47597 | Elf:2    | Found a runed translucent gate.
 47598 | Elf:2    | Found a runed translucent gate.
 47598 | Elf:2    | Found a runed translucent gate.
 47852 | Elf:3    | Entered Level 3 of the Elven Halls
 47858 | Elf:3    | Found a portal to a secret trove of treasure.
 47948 | Elf:3    | Found a glacial archway.
 47960 | IceCv    | Entered an ice cave
 47965 | IceCv    | Received a gift from Okawaru
 48163 | IceCv    | Found an ancient bone altar of Kikubaaqudgha.
 48726 | IceCv    | Learned a level 1 spell: Necrotise
 48854 | Elf:3    | Noticed Asterion
 48858 | Elf:3    | Killed Asterion
 49513 | Elf:3    | Identified the +0 trident of Ethixk Teov {pain, ^Contam
                  | Str+4 Dex+7}
 49545 | Elf:3    | Received a gift from Okawaru
 49591 | Elf:3    | Reached XP level 23. HP: 214/235 MP: 22/28
 49689 | Elf:3    | Identified the ring "Ori Igo" {Fire ^Drain Will+ Int+3
                  | SInv}
 49698 | Elf:3    | Got the Spellbook of Mortuary Rallying
 49700 | Elf:3    | Got the Atlas of Henotheism
 49730 | Elf:3    | Got the Compilation of the Gritty Scorpion
 49733 | Elf:3    | Identified the +1 dagger of Jaeh {freeze, Int+3}
 49739 | Elf:3    | Identified the staff "Fuag" {rPois Str-2 Dex+5 Alchemy}
 49746 | Elf:3    | Identified the +6 hand cannon of Doom {drain, Fly Str+3
                  | Int+4 Dex-5}
 49987 | Elf:3    | Found a runed translucent gate.
 49987 | Elf:3    | Found a runed translucent gate.
 49988 | Elf:3    | Found a runed translucent gate.
 49988 | Elf:3    | Noticed Amac's ghost (journeyman DsFi)
 50284 | Elf:3    | Found a viscous altar of Jiyva.
 50632 | Crypt:1  | Entered Level 1 of the Crypt
 50957 | Crypt:1  | Received a gift from Okawaru
 51177 | Crypt:1  | Noticed Margery
 51200 | Crypt:1  | Killed Margery
 51505 | Crypt:1  | Reached skill level 10 in Throwing
 52232 | Crypt:2  | Noticed Boris
 52264 | Crypt:2  | Killed Boris
 53081 | Crypt:3  | Entered Level 3 of the Crypt
 53122 | Crypt:3  | Received a gift from Okawaru
 53669 | Crypt:3  | Found a staircase to the Tomb.
 53742 | Crypt:3  | Found the +8 Vampire's Tooth {megavamp}
 54155 | Crypt:3  | Found a basalt altar of Yredelemnul.
 54389 | Crypt:3  | Received a gift from Okawaru
 54564 | Crypt:3  | Got Viqefeg's Compendium of Bodies
 54727 | Crypt:3  | Reached skill level 27 in Axes
 54727 | Crypt:3  | Reached XP level 24. HP: 247/247 MP: 28/28
 55452 | Vaults:5 | Entered Level 5 of the Vaults
 55454 | Vaults:5 | Found the +8 demon trident "Rift" {distort, reach+}
 55549 | Vaults:5 | Noticed Boris
 55566 | Vaults:5 | Killed Boris
 55596 | Vaults:5 | Received a gift from Okawaru
 55820 | Vaults:5 | Identified the +2 leather armour "Macaerr" {^Drain rElec
                  | rC++}
 55879 | Vaults:5 | Reached skill level 27 in Fighting
 55900 | Vaults:5 | Identified the ring of Lilacs {Fly rN+ Will+ Int+3}
 55929 | Vaults:5 | HP: 11/247 [ghostly golden dragon (12)]
 55963 | Vaults:5 | Received a gift from Okawaru
 56712 | Elf:3    | You paid a toll of 18 potions of curing to enter a treasure
                  | trove
 56713 | Trove    | Entered a treasure trove
 56728 | Trove    | Identified the +9 whip "Huvagim" {heavy, ^Fragile Will++
                  | Dex+3}
 56736 | Trove    | Identified the +1 dagger of the Vestibule of Hell {spect,
                  | rElec Int+10 Dex-4}
 56744 | Trove    | Identified the +8 whip "Ynire Luak" {distort, rPois Will+
                  | Str-3 Int+3}
 56749 | Trove    | Identified the +4 dagger of Equivalence {distort, rElec
                  | Str-2 Int+8}
 56758 | Trove    | Identified the +0 whip of Zesar {holy, Will++ Stlth+}
 56760 | Trove    | Identified the +8 short sword "Suitopuo" {holy, ^Fragile
                  | rF+ Dex+8}
 57983 | Vaults:5 | Received a gift from Okawaru
 58065 | Vaults:5 | Noticed a dread lich
 58082 | Vaults:5 | Killed a dread lich
 58261 | Vaults:5 | Identified the +10 glaive "Vureo" {flame, rPois Str+4}
 58587 | Vaults:5 | Got the Volume of Crystallized Displacement
 58867 | Vaults:5 | Noticed a dread lich
 58879 | Vaults:5 | Paralysed by a dread lich for 4 turns
 58884 | Vaults:5 | Killed a dread lich
 58892 | Vaults:5 | Identified the +0 chain mail "Ulur Hai" {-Cast ^Drain
                  | Regen+ rCorr}
 58907 | Vaults:5 | Identified the +5 morningstar "Kanoede" {flame, Str+3 Int-5
                  | SInv Stlth+}
 59090 | Vaults:5 | Got a silver rune of Zot
 59091 | Vaults:5 | Identified the staff of Fuosiasu {rF- rN++ Dex+3 Earth}
 59198 | Vaults:5 | Identified the +1 leather armour of Giowoekh {rElec rF-
                  | Int+2 Dex+9}
 59200 | Vaults:5 | Identified the staff of Vesa {rElec Will+ Int+4 Air}
 59486 | Depths:1 | Voluntarily entered the Abyss.
 59553 | Abyss:2  | Found a corrupted altar of Lugonu.
 59765 | Abyss:2  | Received a gift from Okawaru
 59770 | Abyss:2  | Lost intelligence.
 59994 | Abyss:3  | Reached XP level 25. HP: 257/257 MP: 25/28
 60013 | Abyss:3  | Lost intelligence.
 60036 | Depths:1 | Escaped the Abyss
 60053 | Depths:1 | Voluntarily entered the Abyss.
 60376 | Abyss:3  | Paralysed by accursed screaming for 1 turns
 60414 | Abyss:3  | Received a gift from Okawaru
 60471 | Abyss:3  | Found a corrupted altar of Lugonu.
 60773 | Abyss:3  | Gained mutation: Your spells are a little easier to cast,
                  | but a little less powerful. [a neqoxec]
 60775 | Abyss:3  | Gained mutation: You are very weak. (Str -4) [a neqoxec]
 60885 | Depths:1 | Escaped the Abyss
 61049 | Depths:1 | Voluntarily entered the Abyss.
 61056 | Abyss:3  | Found a corrupted altar of Lugonu.
 61063 | Abyss:3  | Found a corrupted altar of Lugonu.
 61120 | Abyss:3  | Found a corrupted altar of Lugonu.
 61123 | Abyss:3  | Found a corrupted altar of Lugonu.
 61257 | Abyss:3  | Received a gift from Okawaru
 61741 | Abyss:3  | Reached skill level 27 in Shields
 61787 | Abyss:3  | Reached skill level 1 in Necromancy
 61788 | Abyss:3  | Gained mutation: Armour fits poorly on your strangely
                  | shaped body. [a shining eye]
 61865 | Abyss:3  | Found a runed translucent door.
 61884 | Abyss:3  | Noticed a dread lich
 61886 | Abyss:3  | Paralysed by a dread lich for 2 turns
 61901 | Abyss:3  | Killed a dread lich
 61925 | Depths:1 | Escaped the Abyss
 62054 | Depths:1 | Voluntarily entered the Abyss.
 62056 | Abyss:3  | Noticed an ancient lich
 62065 | Abyss:3  | Received a gift from Okawaru
 62074 | Abyss:3  | Killed an ancient lich
 62075 | Abyss:3  | Reached skill level 10 in Invocations
 62091 | Abyss:3  | Got an abyssal rune of Zot
 62105 | Depths:1 | Escaped the Abyss
 62240 | Depths:1 | Lost mutation: Your spells are a little easier to cast, but
                  | a little less powerful. [potion of mutation]
 62240 | Depths:1 | Lost mutation: You are very weak. (Str -4) [potion of
                  | mutation]
 62240 | Depths:1 | Lost mutation: Armour fits poorly on your strangely shaped
                  | body. [potion of mutation]
 62240 | Depths:1 | Gained mutation: Your spells are a little easier to cast,
                  | but a little less powerful. [potion of mutation]
 62240 | Depths:1 | Gained mutation: Your magical capacity is low. (-10% MP)
                  | [potion of mutation]
 62240 | Depths:1 | Gained mutation: You are strong-willed. (Will+) [potion of
                  | mutation]
 62240 | Depths:1 | Lost mutation: Your spells are a little easier to cast, but
                  | a little less powerful. [potion of mutation]
 62374 | Zot:1    | Entered Level 1 of the Realm of Zot
 62374 | Zot:1    | Found the +4 dragonskin cloak
 62374 | Zot:1    | Noticed Tiamat
 62819 | Zot:1    | Killed Tiamat
 63213 | Zot:1    | Received a gift from Okawaru
 63214 | Zot:1    | Reached XP level 26. HP: 234/266 MP: 24/26
 63403 | Zot:1    | Found a shimmering altar of Xom.
 63550 | Zot:1    | Noticed Parghit
 63556 | Zot:1    | Killed Parghit
 65475 | Zot:2    | Received a gift from Okawaru
 66029 | Zot:2    | Found a burning altar of Makhleb.
 66686 | Temple   | Fell from the grace of Okawaru
 66686 | Temple   | Became a worshipper of the Shining One
 66932 | Depths:1 | Voluntarily entered the Abyss.
 66932 | Abyss:3  | Found a corrupted altar of Lugonu.
 67011 | Abyss:3  | Reached * piety under the Shining One
 67208 | Abyss:3  | Lost intelligence.
 67222 | Abyss:3  | Paralysed by accursed screaming for 1 turns
 67246 | Abyss:3  | Reached ** piety under the Shining One
 67266 | Depths:1 | Escaped the Abyss
 67396 | Depths:1 | Voluntarily entered the Abyss.
 67396 | Abyss:3  | Found a corrupted altar of Lugonu.
 67399 | Abyss:3  | Found a corrupted altar of Lugonu.
 67546 | Abyss:3  | Reached *** piety under the Shining One
 67581 | Abyss:3  | Gained mutation: You are vulnerable to heat. (rF-) [a
                  | neqoxec]
 67587 | Abyss:3  | Gained mutation: Your spells are a little easier to cast,
                  | but a little less powerful. [a neqoxec]
 67634 | Abyss:3  | Reached **** piety under the Shining One
 67667 | Abyss:3  | Reached skill level 27 in Armour
 67699 | Abyss:3  | Reached ***** piety under the Shining One
 67767 | Depths:1 | Escaped the Abyss
 67945 | Depths:1 | Voluntarily entered the Abyss.
 67982 | Abyss:3  | Found a corrupted altar of Lugonu.
 68209 | Abyss:3  | Reached ****** piety under the Shining One
 68414 | Abyss:3  | Reached XP level 27. HP: 205/273 MP: 14/28
 68419 | Abyss:3  | Identified a +9 broad axe of holy wrath (a +9 broad axe of
                  | flaming blessed by the Shining One)
 68419 | Abyss:3  | Received a gift from the Shining One
 68619 | Abyss:3  | Found a corrupted altar of Lugonu.
 68862 | Abyss:3  | Paralysed by you for 1 turns
 68869 | Abyss:3  | Reached skill level 15 in Throwing
 69240 | Depths:1 | Escaped the Abyss
 69558 | Depths:1 | Voluntarily entered the Abyss.
 69776 | Abyss:4  | Paralysed by accursed screaming for 2 turns
 69783 | Abyss:4  | Paralysed by accursed screaming for 2 turns
 69784 | Abyss:4  | Reached skill level 15 in Invocations
 69791 | Abyss:4  | Paralysed by accursed screaming for 2 turns
 69800 | Abyss:4  | Paralysed by accursed screaming for 1 turns
 70073 | Abyss:5  | Paralysed by accursed screaming for 1 turns
 70079 | Abyss:5  | Lost intelligence.
 70199 | Depths:1 | Escaped the Abyss
 70501 | Slime:1  | Entered Level 1 of the Pits of Slime
 70520 | Slime:2  | Noticed Dissolution
 70532 | Slime:2  | Killed Dissolution
 70533 | Slime:2  | Reached skill level 1 in Evocations
 70572 | Slime:2  | Paralysed by a formless jellyfish for 1 turns
 71294 | Slime:5  | Entered Level 5 of the Pits of Slime
 71514 | Slime:5  | Noticed the Royal Jelly
 71657 | Slime:4  | Was forgiven by Okawaru
 71968 | Slime:5  | Identified the +0 tower shield "Kiwiveg" {Int+2}
 72591 | Slime:5  | Killed the Royal Jelly
 72763 | Slime:5  | Identified the +4 halberd "Xutedu" {elec, rC+}
 72778 | Slime:5  | Found the +27 heavy crossbow "Sniper" {heavy, Acc+∞ SInv}
 72787 | Slime:5  | Identified the ring "Riug" {Wiz rPois rF- Str+5}
 72817 | Slime:5  | Found the amulet of the Four Winds {rN+ Will+++ Clar}
 72913 | Slime:5  | Identified the ring "Luxtec" {rPois rF+}
 72919 | Slime:5  | Identified the dragon-blood talisman of Gozag's Respect
                  | {rF+}
 72984 | Slime:5  | Got a slimy rune of Zot
 73956 | Zot:3    | Found a transporter.
 73957 | Zot:3    | Found a transporter.
 73958 | Zot:3    | Found a transporter.
 73959 | Zot:3    | Found a transporter.
 74222 | Zot:3    | Identified the +2 hat "Cawith" {-Tele Harm rC++ rN+}
 74624 | Zot:3    | You fall into a shaft and drop 1 floor!
 74685 | Zot:4    | Reached skill level 5 in Evocations
 74693 | Zot:4    | HP: 9/273 [shadow dragon (5)]
 75497 | Zot:5    | Entered Level 5 of the Realm of Zot
 75501 | Zot:5    | Noticed a dread lich
 75501 | Zot:5    | Noticed an orb of fire
 75503 | Zot:5    | Noticed an orb of fire
 75504 | Zot:5    | Lost intelligence.
 75504 | Zot:5    | Gained mutation: You are dopey. (Int -2) [an orb of fire]
 75504 | Zot:5    | Gained mutation: You are vulnerable to cold. (rC-) [an orb
                  | of fire]
 75509 | Zot:5    | Gained mutation: You are very weak. (Str -4) [an orb of
                  | fire]
 75510 | Zot:5    | Noticed an orb of fire
 75510 | Zot:5    | Noticed an orb of fire
 75511 | Zot:5    | Noticed an orb of fire
 75511 | Zot:5    | Gained mutation: Armour fits poorly on your strangely
                  | shaped body. [an orb of fire]
 75512 | Zot:5    | Killed from afar by an orb of fire

Illustrated notes

Levels and vault maps discovered:
D:1:      arrival_zaba_pyramid, layout_basic,
          hellmonk_ecumenical_altar_pennies_from_heaven,
          wander_ebering_terrifying_dragon_lair
D:2:      layout_rooms
D:3:      layout_loops_ring, uniq_ijyb
D:4:      layout_basic, grunt_temple_overflow_diamond, minmay_temple_entry_grid,
          minmay_misc_feat_diagonals, chequers_serial_rivers_small_3
D:5:      layout_loops_cross, mainiacjoe_overflow_alcove_4,
          chequers_temple_overflow_statue_of_worship, uniq_grinder
D:6:      layout_loops_corners, zin_statuary, uniq_crazy_yiuf_cottage
D:7:      layout_loops_ring, lemuel_doored_altar, enter_bailey_2
D:8:      layout_gridville, mainiacjoe_overflow_surrounded_room, serial_ice,
          serial_ice_c, serial_ice_n, serial_ice_a, serial_ice_i
D:9:      layout_gridville, grunt_nemelex_the_gamble, david_orc_4, special_room
          [special_room_bee]
D:10:     layout_big_octagon, kiku_gazebo_garden_becter, lair_entry_dummy,
          minivault_11
D:11:     layout_roguey [special_room_orc], serial_shops, bzr_entry_safe
D:12:     dreamdust_isle_of_ice, layout_basic, serial_shops,
          nicolae_shop_back_alley_shop, uniq_erolcha
D:13:     layout_basic, hellmonk_vaults_keyhole, uniq_frances
D:14:     layout_roguey, serial_shops, nicolae_shop_back_alley_shop,
          serial_bayou, serial_bayou_lagoon_a, serial_bayou_crossing,
          serial_bayou_pond_d, serial_bayou_pond_c, serial_bayou_ford_a,
          serial_bayou_lake_a, uniq_kirke
D:15:     gammafunk_depths_entry_grave, layout_long_grid, serial_shops,
          nicolae_shop_advertising_works [nicolae_subvault_shop_adworks],
          fedhas_altar_1, item_on_display_a
Temple:   nicolae_temple_cloud_nine
Lair:1:   layout_long_grid, chequers_serial_rivers_small_a
Lair:2:   gammafunk_worm_tunnel, layout_chaotic_city,
          minmay_shoals_entry_beasts, basic_altar, lemuel_fruit_fields,
          infiniplex_staircase_pool
Lair:3:   layout_cave_pods, guppyfry_snake_entry_island, st_stairs_6,
          beast_lair_carwin_8
Lair:4:   layout_big_grid, grunt_megastairs_2
Lair:5:   minmay_lair_end_frog_pond, layout_regular_city,
          minmay_slime_entry_oklob_open, serial_forest,
          infiniplex_forest_straight_3, infiniplex_forest_end_1,
          infiniplex_forest_lined_4_way, infiniplex_forest_corner_1,
          infiniplex_forest_end_1, infiniplex_forest_lined_corner,
          infiniplex_forest_clump_cross, infiniplex_forest_lined_3_way,
          uniq_snorg
Shoals:1: layout_shoals, nicolae_shoals_dead_sea_scrolls
Shoals:2: layout_shoals, serial_shops, shop, nicolae_shoals_kraken_party,
          uniq_ilsuiw, uniq_polyphemus
Shoals:3: layout_shoals, uniq_roxanne, uniq_donald
Shoals:4: shoals_end_hellmonk_lost_city
Snake:1:  layout_layer_cave, minmay_shop_grove, uniq_jorgrun
Snake:2:  nicolae_cobra_stairs, layout_grid_maze, serial_shops, shop,
          nicolae_snake_gridmaze_spiral
Snake:3:  layout_chambers, special_room, nicolae_snake_squiggles,
          nicolae_snake_gridmaze_entwining
Snake:4:  grunt_snake_rune_pools, layout_grid_shapes, serial_shops, shop,
          nicolae_snake_magic_snake_eye, serial_bayou_shore_a
Slime:1:  layout_caves
Slime:2:  layout_caves, uniq_dissolution
Slime:3:  layout_caves, cheibrodos_slime_lost_civilization_6
Slime:4:  layout_caves
Slime:5:  slime_pit_nicolae_amoeboid
Orc:1:    nicolae_orc_accident_2, layout_caves, basic_altar,
          gammafunk_ghost_cemetery
Orc:2:    grunt_orc_community_town_hall, layout_caves,
          grunt_orc_community_big_house_2, grunt_orc_community_big_house_1,
          grunt_orc_community_house_1, grunt_orc_community_house_1,
          grunt_orc_community_house_2, grunt_orc_community_house_1,
          grunt_orc_community_house_2, serial_shops, nicolae_shop_dealshenge,
          basic_altar
Elf:1:    layout_geoelf_octagon, serial_shops, nicolae_shop_rolled_up,
          evilmike_minifort
Elf:2:    nicolae_elf_blades_crystal_corner, layout_geoelf_octagon,
          serial_sigils, serial_sigils_hangedman_clutch,
          serial_sigils_hangedman_shear, serial_sigils_hangedman_gut,
          serial_sigils_hangedman_gnaw, st_stairs_13, uniq_azrael
Elf:3:    minmay_elf_hall_statues, layout_geoelf_castle,
          nicolae_trove_entry_free_sample, portal_ice_cave_entry_pillars_2,
          gammafunk_ghost_ooze, nicolae_elf_variegated_diamond, uniq_asterion
Vaults:1: ebering_ghost_reflecting_pool, ontoclasm_vaults_ring_large,
          nicolae_vaults_heist, nicolae_vaults_little_squares_2, v_misc_17,
          hangedman_vaults_impose, nicolae_vaults_network_star,
          nicolae_vaults_tetromino_Z_1, v_pattern_2,
          vaults_room_grunt_arrival_checkpoint, nicolae_vaults_tetromino_L_1,
          layout_vaults_omnicross, uniq_nikola
Vaults:2: v_misc_26, dpeg_vaults_monster_row, minmay_crypt_entry_necro_gods,
          nicolae_vaults_little_squares_5, vaults_dpeg_hooks,
          hangedman_vaults_corner, wander_protected_by_tso, v_misc_29,
          v_misc_33, ontoclasm_vaults_idyll, vaults_room_pool,
          layout_vaults_maze, serial_shops, nicolae_shop_hallway_plus
Vaults:3: nicolae_vaults_turnstiles, vaults_mumra_minichess,
          vaults_standard_mumra_x, v_misc_27, nicolae_vaults_swerve,
          nicolae_vaults_shipping_containers_7, v_misc_16, vaults_mumra_chevron,
          v_rooms_2, nicolae_vaults_storage_room_doors, v_misc_13,
          nicolae_vaults_tetromino_Z_1, v_misc_1, layout_vaults_omnibox
Vaults:4: nicolae_vaults_tetromino_T_1, nicolae_vaults_house_3, v_rooms_3,
          nicolae_vaults_house_3, hangedman_vaults_trim, nicolae_vaults_meeting,
          nicolae_vaults_layer_cake_slice, nicolae_vaults_tetromino_T_2,
          ontoclasm_vaults_chip, vaults_mumra_minichess_inversion,
          layout_vaults_chaotic_city
Vaults:5: serial_shops
Crypt:1:  layout_regular_city, roderic_lattice_octagonal_star,
          grunt_crypt_arrival_split, uniq_margery
Crypt:2:  layout_misc_corridors, serial_sigils_hangedman_quiver, uniq_boris
Crypt:3:  church_of_pain_bobbens, layout_chaotic_city,
          nicolae_tomb_entry_grand_gallery, minmay_guarded_unrand_vampires_tooth
Depths:1: layout_cave_pools, enter_ziggurat_b, grunt_mini_vestibule,
          hangedman_abyss_or_decor_slice, abyss_entry, minmay_misc_feat_tower,
          hangedman_decor_peaks_small, kennysheep_diamond
Depths:2: kennysheep_blocky_room, layout_gridlike, pf_coc_iceberg,
          rand_demon_pan_entry_9, infiniplex_staircase_pool_2, uniq_saint_roka
Depths:3: kennysheep_gozag_temple, layout_gridlike,
          nicolae_abyss_entry_one_way_or_another, nicolae_water_bricks,
          hell_entry, feat_on_display, minmay_staircase_bubble
Depths:4: grunt_zot_entry_bicorn, layout_cave_pools, grunt_pan_entry_spiral,
          hell_entry
Zot:1:    layout_gridlike, basic_altar, regret_index_zot_stipple_split,
          bh_zot_ikea_curve, hangedman_zot_diagonal_lockstep, uniq_tiamat,
          uniq_parghit
Zot:2:    layout_gridlike, regret_index_zotdec_demonic_mixed,
          st_small_dragon_hoard_5, st_stairs_1, hangedman_zot_decor_tridents,
          lemuel_golem_globe
Zot:3:    kennysheep_ambush_hall, layout_gridlike, nicolae_diode_quadrants
Zot:4:    hangedman_snap_crack_crunch, layout_onion_interference
Zot:5:    layout_gridlike, grunt_ministairs_3

Skill      XL: |  1  2  3  4  5  6  7  8  9 10 11 12 13 14 15 16 17 18 19 20 21 22 23 24 25 26 27 |
---------------+----------------------------------------------------------------------------------+-----
Armour         | 4 5 7 9 10 11 12 13 14 16 17 18 19 20 21 23 27 | 27.0
Fighting       | 4 5 7 9 10 12 13 14 16 18 19 21 22 23 24 25 26 27 | 27.0
Axes           | 3 4 5 6 7 8 10 13 15 17 19 21 22 23 24 25 26 27 | 27.0
Shields        | 4 6 7 9 10 11 13 16 17 19 20 21 23 25 27 | 27.0
Throwing       | 1 2 3 4 5 6 7 9 11 13 14 19 | 19.4
Invocations    | 1 2 4 5 7 8 10 13 17 | 17.5
Maces & Flails | 8 |  8.2
Dodging        | 2 7 8 |  8.1
Necromancy     | 4 |  4.6
Evocations     | 5 |  5.3

Action                     |  1- 3 |  4- 6 |  7- 9 | 10-12 | 13-15 | 16-18 | 19-21 | 22-24 | 25-27 || total
---------------------------+-------+-------+-------+-------+-------+-------+-------+-------+-------++-------
  Melee: War axe           |    88 |    54 |   168 |   219 |       |       |       |       |       ||   529
         Headbutt          |    12 |     9 |    44 |    87 |   225 |   268 |   339 |   423 |   734 ||  2141
         Morningstar       |       |       |    65 |   205 |       |       |       |       |       ||   270
         Broad axe         |       |       |       |   102 |  1050 |  1109 |  1250 |  1542 |  2249 ||  7302
  Throw: Dart              |       |    12 |    35 |       |       |       |       |       |       ||    47
         Boomerang         |       |       |    12 |    15 |       |    23 |       |       |   152 ||   202
         Javelin           |       |       |       |     2 |    15 |    48 |    51 |    52 |    22 ||   190
 Invoke: Heroism           |       |       |     5 |     1 |    14 |    11 |     8 |     9 |     1 ||    49
         Receive Weapon    |       |       |       |     1 |       |       |       |       |       ||     1
         Receive Armour    |       |       |       |     1 |       |       |       |       |       ||     1
         Finesse           |       |       |       |       |     1 |     7 |     3 |     5 |     3 ||    19
         Cleansing Flame   |       |       |       |       |       |       |       |       |     9 ||     9
         Divine Shield     |       |       |       |       |       |       |       |       |     5 ||     5
         Summon Divine War |       |       |       |       |       |       |       |       |     3 ||     3
         Brand Weapon With |       |       |       |       |       |       |       |       |     1 ||     1
  Evoke: Wand              |       |       |     2 |     1 |       |       |       |       |       ||     3
    Use: Scroll            |       |       |    10 |     9 |    11 |     2 |     2 |    15 |     3 ||    52
         Potion            |       |       |     4 |     1 |     1 |     1 |     1 |    10 |     9 ||    27
   Stab: Distracted        |       |       |       |       |       |       |       |     2 |       ||     2
 Armour: Scale mail        |    45 |    28 |     6 |       |       |       |       |       |       ||    79
         Plate armour      |       |       |   155 |   406 |   742 |   842 |   570 |    48 |       ||  2763
         Gold dragon scale |       |       |       |       |       |       |       |   580 |  1333 ||  1913
  Dodge: Dodged            |    35 |    33 |    65 |   161 |   254 |   414 |   274 |   273 |   592 ||  2101
  Block: Buckler           |    13 |    15 |    56 |   196 |   367 |    45 |       |       |       ||   692
         Reflection        |       |       |       |       |    23 |    92 |    45 |       |       ||   160
         Kite shield       |       |       |       |       |       |   655 |   177 |       |       ||   832
         Tower shield      |       |       |       |       |       |       |   757 |  1110 |  2193 ||  4060
